 Dungeon Crawl Stone Soup version 0.31.0-32-g396128a36d (webtiles) character file.

Game seed: 1139551632377931924

296 DildoBatman the Conjurer (level 6, 0/42 (44) HPs)
             Began as a Formicid Conjurer on Mar 13, 2024.
             Succumbed to a kobold brigand's poison
             ... in a sewer.
             The game lasted 00:06:36 (1991 turns).

DildoBatman the Conjurer (Formicid Conjurer)        Turns: 1991, Time: 00:06:36

HP:   0/42 (44)     AC:  3    Str: 12    XL:     6   Next: 61%
MP:   1/10          EV: 12    Int: 19    God:
Gold: 96            SH:  0    Dex: 12    Spells: 5/11 levels left

rFire   . . .        g - +0 arbalest
rCold   . . .        (no shield)
rNeg    . . .        a - +0 robe
rPois   .            (helmet unavailable)
rElec   .            (no cloak)
rCorr   .            f - +0 pair of gloves
SInv    +            (no boots)
Will    .....        (no amulet)
Stlth   ++           (no ring)
HPRegen 0.27/turn    (no ring)
MPRegen 0.12/turn

%: no passive effects
@: mighty, lethally poisoned (0 -> -15), attractive, lightly drained
A: permanent stasis, dig shafts and tunnels, antennae 3, four strong arms
a: Dig


You were in a sewer.
You visited 1 branch of the dungeon, and saw 3 of its levels.
You also visited: Sewer.

You collected 96 gold pieces.

Inventory:

Hand Weapons
 g - a +0 arbalest (weapon)
Missiles
 j - 22 stones
 r - 6 poisoned darts
Armour
 a - a +0 robe (worn)
 c - a +2 ring mail of willpower
 f - a +0 pair of gloves (worn)
Jewellery
 o - an amulet of guardian spirit
Scrolls
 d - a scroll of brand weapon {unknown}
 h - a scroll of immolation {unknown}
 k - a scroll of enchant armour {unknown}
 n - a scroll of enchant weapon {unknown}
 p - 2 scrolls of identify {unknown}
 s - a scroll of teleportation {unknown}
Potions
 b - 2 potions of magic
 e - 3 potions of heal wounds {unknown}
 i - a potion of enlightenment {unknown}
 l - 2 potions of attraction
 m - 2 potions of haste
 q - 3 potions of might


   Skills:
 + Level 2.0 Fighting
 - Level 2.0 Ranged Weapons
 + Level 1.8 Armour
 + Level 2.6 Dodging
 + Level 3.5 Stealth
 + Level 3.0 Spellcasting
 + Level 4.0 Conjurations
 * Level 1.1 Air Magic
 * Level 1.9 Alchemy


You had 5 spell levels left.
You knew the following spells:

 Your Spells              Type           Power      Damage    Failure   Level
a - Searing Ray           Conj           36%        2d5       4%          2
b - Mephitic Cloud        Conj/Alch/Air  12%        N/A       17%         3
c - Magic Dart            Conj           72%        1d6       2%          1

Your spell library contained the following spells:

 Spells                   Type           Power      Damage    Failure   Level
 Kiss of Death            Conj/Necr      40%        2d8       7%          1
 Dazzling Flash           Conj/Hex       20%        N/A       21%         3
 Jinxbite                 Hex            4%         N/A       22%         2
 Confusing Touch          Hex            2%         N/A       41%         3
 Fulminant Prism          Conj/Alch      7%         3d7       41%         4
 Iskenderun's Mystic Bla  Conj/Tloc      10%        2d4       54%         4
 Dispel Undead            Necr           2%         3d7       83%         4
 Yara's Violent Unravell  Hex/Alch       3%         3d4       95%         5
 Silence                  Hex/Air        2%         N/A       97%         5
 Curse of Agony           Necr           2%         N/A       99%         5
 Enfeeble                 Hex            1%         N/A       100%        7


Dungeon Overview and Level Annotations

Branches:
Dungeon (3/15)              Sewer (1/1)

Altars:


Innate Abilities, Weirdness & Mutations

You cannot be hasted, slowed, berserked, paralysed or teleported.
You can dig through walls and to a lower floor.
You have a pair of large antennae on your head. (SInv)
Your four strong arms can wield two-handed weapons with a shield.


Message History

The curare-tipped dart barely misses you.
Your life force feels restored.
Your Fighting skill increases to level 2!
Your Air Magic skill increases to level 1!
You dig through the rock wall.
You feel drained.
You start resting.
A kobold brigand is nearby!
You shoot a bolt.
The bolt hits the kobold brigand but does no damage.
The kobold brigand hits you with a +2 whip of venom.
Casting: Searing Ray (safe; 4% risk of failure)
Confirm with . or Enter, or press ? or * to list all spells.
Aiming: Magic Dart (safe; 2% risk of failure)
Press: ? - help, Shift-Dir - straight line, f/p - kobold brigand
Aim: a kobold brigand, wielding a +2 whip of venom and quivering curare-tipped darts (100% to hit)
The magic dart hits the kobold brigand.
The kobold brigand is moderately wounded.
The kobold brigand hits you with a +2 whip of venom.
Casting: Magic Dart (safe; 2% risk of failure)
Confirm with . or Enter, or press ? or * to list all spells.
Aiming: Magic Dart (safe; 2% risk of failure)
Press: ? - help, Shift-Dir - straight line, f/p - kobold brigand
Aim: a kobold brigand, wielding a +2 whip of venom and quivering curare-tipped darts (moderately wounded, 100% to hit)
The magic dart hits the kobold brigand.
The kobold brigand is moderately wounded.
The kobold brigand hits you with a +2 whip of venom.
You are lethally poisoned!
It was a potion of might.
You feel very mighty all of a sudden.
You feel very sick.
The kobold brigand hits you but does no damage.
You are more poisoned.
It was a potion of haste.
Your stasis prevents you from being hasted.
You feel very sick. The kobold brigand barely misses you.
It was a potion of attraction.
You feel attractive to monsters.
You die...

#......~~~~≈~#...P.
##....P~P#~≈~#.....
#.....~~#~~~#~~...
#......P#~≈~#P~...
#.......#~≈~~~~...
#)P†)...#~≈~~~~...
##))..K..#~≈~#~...#
#K##.....#~≈~#....#
##@###''##~~~##''##
### ,)..#~≈~#....#
,!..#~≈~#....#
,.∩.#~≈~#.∩..#
K..#~≈~#....#
####~≈~######
#~~~'...# #~≈~#.∩∩#
#≈≈≈#...#


You could see a kobold brigand.

Vanquished Creatures
  A kobold brigand (Sewer)
  A brain worm (Sewer)
  A jelly (D:3)
  4 adders
  A river rat (D:3)
  2 ribbon worms
  7 bats
  2 endoplasms
  3 giant cockroaches
  5 goblins
  8 hobgoblins
  9 jackals
  4 quokkas
  4 ball pythons
  8 frilled lizards
  14 kobolds
  10 rats
84 creatures vanquished.

Notes
Turn   | Place    | Note
-------+----------+-------------------------------------------
     0 | D:1      | DildoBatman the Formicid Conjurer began the quest for the
                  | Orb.
     0 | D:1      | Reached XP level 1. HP: 13/13 MP: 3/3
   262 | D:1      | Reached XP level 2. HP: 20/20 MP: 5/5
   265 | D:1      | Learned a level 2 spell: Searing Ray
   695 | D:2      | Reached XP level 3. HP: 25/25 MP: 6/6
   733 | D:2      | Learned a level 3 spell: Mephitic Cloud
   827 | D:2      | Reached skill level 1 in Ranged Weapons
  1001 | D:2      | Reached skill level 1 in Fighting
  1001 | D:2      | Reached skill level 1 in Armour
  1001 | D:2      | Reached XP level 4. HP: 32/32 MP: 2/7
  1374 | D:3      | Reached XP level 5. HP: 37/37 MP: 4/9
  1529 | D:3      | Found a glowing drain.
  1593 | Sewer    | Entered a sewer
  1697 | Sewer    | Noticed a brain worm
  1869 | Sewer    | Killed a brain worm
  1870 | Sewer    | Reached skill level 4 in Conjurations
  1870 | Sewer    | Reached skill level 1 in Alchemy
  1870 | Sewer    | Reached XP level 6. HP: 25/44 MP: 0/10
  1981 | Sewer    | Reached skill level 1 in Air Magic
  1991 | Sewer    | Succumbed to a kobold brigand's poison

Illustrated notes

Levels and vault maps discovered:
D:1:      minmay_arrival_four_circles, layout_basic
D:2:      layout_basic
D:3:      layout_basic, nicolae_tso_carved_into_rock, portal_sewer_entry_e,
          uniq_jessica, uniq_natasha
Sewer:    kennysheep_pipe_town

Skill      XL: |  1  2  3  4  5  6 |
---------------+-------------------+-----
Dodging        | 2 |  2.6
Ranged Weapons | 1 2 |  2.0
Fighting       | 1 2 |  2.0
Armour         | 1 |  1.8
Stealth        | 3 |  3.5
Spellcasting   | 3 |  3.0
Conjurations   | 4 |  4.0
Alchemy        | 1 |  1.9
Air Magic      | 1 |  1.1

Action                     |  1- 3 |  4- 6 || total
---------------------------+-------+-------++-------
   Fire: Arbalest          |    36 |    61 ||    97
   Cast: Magic Dart        |    19 |    14 ||    33
         Searing Ray       |     5 |    10 ||    15
Ability: Dig               |       |     3 ||     3
    Use: Potion            |       |     3 ||     3
 Armour: Robe              |    13 |    46 ||    59
  Dodge: Dodged            |    17 |    48 ||    65
